 Dungeon Crawl Stone Soup version 0.29.1-15-g9cfb28693d (webtiles) character file.

Game seed: 5994671052839521476

8838 112233 the Thaumaturge (level 11, -3/63 HPs)
             Began as a Deep Elf Summoner on Feb 22, 2023.
             Was a Believer of Sif Muna.
             Slain by Fannar
             ... wielding a staff of cold
              (32 damage)
             ... on level 10 of the Dungeon.
             The game lasted 00:18:42 (11906 turns).

112233 the Thaumaturge (Deep Elf Summoner)         Turns: 11906, Time: 00:18:43

Health: -3/63      AC: 10    Str:  8    XL:     11   Next: 15%
Magic:  25/31      EV: 21    Int: 25    God:    Sif Muna [**....]
Gold:   610        SH:  0    Dex: 22    Spells: 26/39 levels left

rFire   . . .      SeeInvis +   i - +0 demon blade (vamp)
rCold   . . .      Faith    .   (no shield)
rNeg    . . .      Spirit   .   R - +5 robe of Night {Dark Will+ SInv}
rPois   .          Reflect  .   o - +0 helmet
rElec   .          Harm     .   t - +0 cloak
rCorr   .          Rampage  .   (no gloves)
Will    ++...                   L - +0 pair of boots
Stlth   +++.......              f - amulet of magic regeneration
HPRegen 0.20/turn               O - ring of ice
MPRegen 0.62/turn               N - ring of Makhleb's Supremacy {Fire Str+3 Dex+7}

@: no status effects
A: no striking features
a: Renounce Religion, Channel Magic


You were on level 10 of the Dungeon.
You worshipped Sif Muna.
Sif Muna was pleased with you.
You visited 2 branches of the dungeon, and saw 11 of its levels.

You collected 610 gold pieces.

Inventory:

Hand Weapons
 d - a +0 dagger
 i - a +0 vampiric demon blade (weapon)
 U - the +5 arbalest "Arefoboi" {freeze, rF+++ rN+}
   (You found it on level 9 of the Dungeon)

   Any ammunition fired from it freezes those it strikes, dealing additional
   cold damage.
   It can also slow down cold-blooded creatures.
   rF:        It renders you almost immune to fire.
   rN:        It protects you from negative energy.
Missiles
 k - 50 poisoned darts (quivered)
Armour
 a - a +0 robe
 h - a +0 hat
 o - a +0 helmet (worn)
 s - the +0 ring mail of the Kangaroo {Str+3}
   (You found it on level 3 of the Dungeon)

   Str:       It affects your strength (+3).
 t - a +0 cloak (worn)
 K - a +2 robe of resistance
 L - a +0 pair of boots (worn)
 R - the +5 robe of Night (worn) {Dark Will+ SInv}
   (You found it on level 7 of the Dungeon)

   It shrouds the wearer in darkness, reducing the range at which they can see
   and be seen by others.
   SInv:      It lets you see invisible.
   Will:      It increases your willpower.
 S - an orb of mayhem
Jewellery
 f - an amulet of magic regeneration (around neck)
 u - a ring of flight
 x - an amulet of guardian spirit
 C - an amulet of reflection
 E - a ring of ice
 G - an amulet of the acrobat
 H - a ring of resist corrosion
 N - the ring of Makhleb's Supremacy (right hand) {Fire Str+3 Dex+7}
   (You found it on level 7 of the Dungeon)

   [ring of fire]

   It enhances your fire magic.
   Str:       It affects your strength (+3).
   Dex:       It affects your dexterity (+7).
   rF:        It protects you from fire.
   rC:        It makes you vulnerable to cold.
 O - a ring of ice (left hand)
Wands
 b - a wand of roots (1)
 J - a wand of flame (27)
 M - a wand of paralysis (9)
Scrolls
 j - 7 scrolls of identify
 n - 2 scrolls of blinking
 p - 2 scrolls of noise {unknown}
 q - 4 scrolls of vulnerability {unknown}
 y - a scroll of amnesia {unknown}
 A - 3 scrolls of magic mapping {unknown}
 B - a scroll of fear {unknown}
 F - a scroll of poison {unknown}
 P - 4 scrolls of teleportation {unknown}
 T - a scroll of summoning {unknown}
Potions
 c - 4 potions of heal wounds
 e - 5 potions of flight
 g - a potion of ambrosia {unknown}
 l - 5 potions of attraction
 m - 2 potions of magic
 r - 2 potions of curing {unknown}
 v - 4 potions of degeneration {unknown}
 w - a potion of cancellation {unknown}
 z - a potion of lignification {unknown}
 D - a potion of resistance {unknown}
 I - a potion of haste {unknown}
 Q - 2 potions of mutation {unknown}


   Skills:
 + Level 5.0 Fighting
 * Level 11.0 Dodging
 - Level 2.4 Stealth
 * Level 14.5 Spellcasting
 + Level 9.7 Summonings


You had 26 spell levels left.
You knew the following spells:

 Your Spells              Type           Power      Damage    Failure   Level
a - Summon Small Mammal   Summ           100%       N/A       1%          1
b - Call Imp              Summ           61%        N/A       1%          2
c - Call Canine Familiar  Summ           61%        N/A       1%          3
d - Summon Guardian Gole  Hex/Summ       42%        N/A       1%          3
e - Summon Lightning Spi  Summ/Air       42%        N/A       4%          4

Your spell library contained the following spells:

 Spells                   Type           Power      Damage    Failure   Level
 Beastly Appendage        Tmut           36%        N/A       3%          1
 Slow                     Hex            72%        N/A       3%          1
 Poisonous Vapours        Pois/Air       36%        N/A       4%          2
 Wereblood                Tmut           18%        N/A       4%          2
 Confusing Touch          Hex            18%        N/A       10%         3
 Gell's Gravitas          Tloc           18%        N/A       10%         3
 Lesser Beckoning         Tloc           18%        N/A       10%         3
 Spider Form              Tmut/Pois      18%        N/A       10%         3
 Teleport Other           Tloc           18%        N/A       10%         3
 Tukima's Dance           Hex            18%        N/A       10%         3
 Vampiric Draining        Necr           18%        2d7       10%         3
 Corpse Rot               Necr/Pois/Air  18%        N/A       30%         4
 Passage of Golubria      Tloc           18%        N/A       30%         4
 Yara's Violent Unravell  Hex/Tmut       9%         3d6       65%         5


Dungeon Overview and Level Annotations

Branches:
Dungeon (10/15)            Temple (1/1) D:5            Lair (0/5) D:9
    Orc: D:9-12

Altars:
Cheibriados
Dithmenos
Gozag
Makhleb
Okawaru
Sif Muna
Uskayaw
Wu Jian
The Shining One

Annotations:
D:4 exclusion: downstairs
D:5 exclusion: downstairs
D:8 4 transporters
D:10 Fannar


Message History

Fannar hits your guardian golem but does no damage.
Fannar freezes your guardian golem!
Your warg closely misses Fannar.
Fannar hits your guardian golem but does no damage.
Fannar freezes your guardian golem!
Your guardian golem overheats!
Unknown command.
Your warg misses Fannar.
Your warg bites Fannar!
Your lightning spire shoots out a bolt of lightning at Fannar!
The bolt of electricity hits your guardian golem.
Your guardian golem resists.
Flame seeps out of your guardian golem.
The bolt of electricity hits Fannar!
Your guardian golem is engulfed in blazing flames.
Flame seeps out of your guardian golem.
Fannar hits your guardian golem with a staff of cold.
Flame seeps out of your guardian golem. Fannar freezes your guardian golem.
Your guardian golem disappears in a puff of smoke!
Your guardian golem explodes!
The fiery explosion engulfs the ice beast!!!
The ice beast melts!
The ice beast dies!
The ice beast disappears in a puff of smoke!
The fiery explosion engulfs Fannar!!
The fiery explosion engulfs your warg!!
Your warg is engulfed in blazing flames.
Your warg closely misses Fannar.
Fannar is engulfed in blazing flames.
Fannar mumbles some strange words.
Fannar drains the heat from the surrounding environment!
Ouch! That really hurt!
Your lightning spire resists.
Your warg dies!
Your warg's corpse disappears in a puff of smoke!
Fannar is engulfed in blazing flames.
Unknown command.
Unknown command.
Casting: Summon Guardian Golem (safe; 1% risk of failure)
Confirm with . or Enter, or press ? or * to list all spells.
Fannar gestures wildly while chanting.
Fannar drains the heat from the surrounding environment!
Ouch! That really hurt!
You die...

......# ......#
...>.<# ......#
......# ......#
......#######+########
................h.....
..............@.......
.........[.......§§...
######.........8§e§!..
#..........§§§...
#.............)..
#................
+..........#####.
#..........#
...........#


You could see Fannar (ally target), a friendly wolf (summoned) and a friendly
lightning spire (summoned).

Vanquished Creatures
  Joseph (D:8)
  A centaur (D:8)
  2 wights (D:8)
  2 killer bees (D:8)
  Natasha (D:2)
  A shadow imp (D:8)
  An ufetubus (D:7)
  An orc (D:8)
  2 bats
  A goblin (D:4)
13 creatures vanquished.

Vanquished Creatures (collateral kills)
  2 two-headed ogres (D:9)
  A komodo dragon (D:9)
  A troll (D:6)
  Grinder (D:5)
  3 dream sheep (D:7)
  A shadow (D:7)
  Sigmund (D:4)
  A vampire (D:6)
  A wyvern (D:9)
  Eustachio (D:5)
  4 steam dragons
  A basilisk (D:9)
  Menkaure (D:4)
  3 water moccasins
  2 orc warriors (D:8)
  A sky beast (D:5)
  A black bear (D:6)
  2 centaurs
  3 phantoms
  A kobold brigand (D:8)
  A bullfrog (D:6)
  2 scorpions
  6 wights (D:8)
  8 killer bees
  A howler monkey (D:4)
  3 electric eels
  A jelly (D:5)
  3 orc priests (D:9)
  6 hounds
  Natasha (twice) (D:2)
  4 orc wizards
  5 gnolls
  5 adders
  A shadow imp (D:7)
  A white imp (D:7)
  3 worms
  A dart slug (D:2)
  28 orcs
  9 ball pythons
  2 endoplasms
  2 giant cockroaches
  2 goblins (D:2)
  5 hobgoblins
  7 jackals
  5 quokkas
  2 bats (D:2)
  4 frilled lizards
  20 kobolds
  4 rats
175 creatures vanquished.

Vanquished Creatures (others)
  A troll (D:9)
  A dream sheep (D:7)
  A shadow (D:7)
  Edmund (D:4)
  A water moccasin (D:5)
  2 orc warriors
  2 black bears (D:6)
  A centaur (D:10)
  A kobold brigand (D:5)
  Blork the orc (D:6)
  A scorpion (D:6)
  A wight (D:8)
  A gnoll (D:4)
  An orc (D:8)
  66 plants
82 creatures vanquished.

Grand Total: 270 creatures vanquished

Notes
Turn   | Place    | Note
-------+----------+-------------------------------------------
     0 | D:1      | 112233 the Deep Elf Summoner began the quest for the Orb.
     0 | D:1      | Reached XP level 1. HP: 10/10 MP: 6/6
   442 | D:1      | Reached XP level 2. HP: 15/15 MP: 4/8
   507 | D:1      | Learned a level 2 spell: Call Imp
  1257 | D:2      | Reached skill level 4 in Spellcasting
  1441 | D:2      | Reached XP level 3. HP: 19/19 MP: 6/10
  1445 | D:2      | Learned a level 3 spell: Call Canine Familiar
  1519 | D:2      | Noticed Natasha
  1528 | D:2      | Killed Natasha
  1529 | D:2      | Reached skill level 5 in Spellcasting
  1529 | D:2      | Reached skill level 5 in Summonings
  1531 | D:2      | Noticed Natasha
  1560 | D:2      | Killed Natasha
  1561 | D:2      | Reached XP level 4. HP: 18/24 MP: 4/13
  1608 | D:2      | Noticed Natasha
  1642 | D:2      | Killed Natasha
  1787 | D:2      | Found a burning altar of Makhleb.
  1917 | D:2      | Reached skill level 6 in Spellcasting
  1931 | D:2      | Learned a level 3 spell: Summon Guardian Golem
  2010 | D:2      | Reached XP level 5. HP: 12/28 MP: 10/15
  2484 | D:3      | Found a faded altar of an unknown god.
  2506 | D:3      | Identified the +0 ring mail of the Kangaroo {Str+3}
  3144 | D:3      | Found an ornate altar of the Wu Jian Council.
  3252 | D:4      | Noticed Menkaure
  3278 | D:4      | Killed Menkaure
  3279 | D:4      | Reached skill level 7 in Spellcasting
  3279 | D:4      | Reached XP level 6. HP: 28/32 MP: 16/18
  3387 | D:4      | Noticed Sigmund
  3434 | D:4      | Killed Sigmund
  3435 | D:4      | Reached skill level 8 in Spellcasting
  3435 | D:4      | Reached XP level 7. HP: 26/36 MP: 16/20
  3614 | D:4      | Noticed Edmund
  3634 | D:4      | Killed Edmund
  3635 | D:4      | Reached skill level 9 in Spellcasting
  4420 | D:5      | Entered Level 5 of the Dungeon
  4449 | D:5      | Found a staircase to the Ecumenical Temple.
  4552 | Temple   | Entered the Ecumenical Temple
  4568 | Temple   | Became a worshipper of Sif Muna the Loreminder
  4734 | D:5      | Reached skill level 1 in Fighting
  4787 | D:5      | Reached XP level 8. HP: 43/43 MP: 20/23
  4901 | D:5      | Reached skill level 10 in Spellcasting
  5161 | D:5      | Noticed Grinder
  5169 | D:5      | Killed Grinder
  5170 | D:5      | Reached skill level 5 in Dodging
  5478 | D:5      | Noticed Eustachio
  5486 | D:5      | Killed Eustachio
  5718 | D:6      | Noticed Blork the orc
  5720 | D:6      | Reached skill level 11 in Spellcasting
  5729 | D:6      | Noticed a troll
  5731 | D:6      | Killed Blork the orc
  5732 | D:6      | Reached XP level 9. HP: 45/49 MP: 24/26
  5742 | D:5      | Learned a level 4 spell: Summon Lightning Spire
  6208 | D:6      | Reached * piety under Sif Muna
  6467 | D:6      | Killed a troll
  6691 | D:6      | Reached skill level 12 in Spellcasting
  7639 | D:7      | Identified the ring of Makhleb's Supremacy {Fire Str+3
                  | Dex+7}
  7980 | D:7      | Reached XP level 10. HP: 56/56 MP: 21/28
  7994 | D:7      | Reached skill level 13 in Spellcasting
  8878 | D:7      | Found the +5 robe of Night {Dark Will+ SInv}
  9770 | D:8      | Reached ** piety under Sif Muna
  9916 | D:8      | Noticed Joseph
  9935 | D:8      | Killed Joseph
  9936 | D:8      | Reached skill level 10 in Dodging
 10265 | D:8      | Found a transporter.
 10269 | D:8      | Found a transporter.
 10271 | D:8      | Found a transporter.
 10430 | D:8      | Found a transporter.
 10843 | D:9      | Noticed a two-headed ogre
 10855 | D:9      | Killed a two-headed ogre
 10856 | D:9      | Reached skill level 14 in Spellcasting
 11295 | D:9      | Noticed a two-headed ogre
 11321 | D:9      | Killed a two-headed ogre
 11322 | D:9      | Reached XP level 11. HP: 47/62 MP: 24/31
 11700 | D:9      | Reached skill level 5 in Fighting
 11801 | D:9      | Found a staircase to the Lair.
 11834 | D:9      | Identified the +5 arbalest "Arefoboi" {freeze, rF+++ rN+}
 11877 | D:10     | Entered Level 10 of the Dungeon
 11895 | D:10     | Noticed Fannar
 11906 | D:10     | Slain by Fannar

Illustrated notes

Levels and vault maps discovered:
D:1:      matt_arrival_grand_opening, layout_basic
D:2:      layout_rooms, basic_altar, minmay_vboxes, uniq_natasha
D:3:      layout_basic, pdpol_wu_jian_five_deadly_venoms, serial_corexii_hall,
          corexii_hall_statues_x, chequers_hall_statues_wall_a,
          hellmonk_ecumenical_altar_crossroads, minmay_misc_feat_more_columns
D:4:      layout_loops_ring, uniq_edmund, uniq_sigmund, uniq_menkaure
D:5:      layout_basic, temple_fountains, uniq_eustachio, uniq_grinder
D:6:      kennysheep_big_flooded_room, layout_loops_ring, serial_bayou_ford_a,
          hex_medium, uniq_blork_the_orc
D:7:      layout_loops_ring, kennysheep_small_spiral,
          hellmonk_guarded_unrand_night
D:8:      layout_cave_pools, enter_bailey_8, serial_bayou,
          serial_bayou_lagoon_a, serial_bayou_shore_b, serial_bayou_shore_a,
          serial_bayou_pond_a, minmay_misc_feat_secret_circle,
          chequers_serial_rivers_micro_b, nicolae_transporter_circle,
          uniq_joseph
D:9:      layout_loops_ring, erik_lair_dragon
D:10:     layout_gridville, gammafunk_ghost_stat_death,
          minmay_misc_feat_diagonals, kennysheep_generic_room_5, uniq_maggie,
          uniq_erica, uniq_fannar
Temple:   nicolae_temple_the_god_donut

Skill      XL: |  1  2  3  4  5  6  7  8  9 10 11 |
---------------+----------------------------------+-----
Spellcasting   | 4 5 6 7 8 9 11 12 14 | 14.5
Summonings     | 5 6 7 8 9 |  9.7
Dodging        | 3 6 8 10 11 | 11.0
Fighting       | 1 2 3 4 5 |  5.0
Stealth        | |  2.4

Action                   |  1- 3 |  4- 6 |  7- 9 | 10-12 || total
-------------------------+-------+-------+-------+-------++-------
Melee: Dagger            |     1 |       |       |       ||     1
       Demon blade       |     1 |     7 |     7 |    18 ||    33
       Punch             |       |       |     1 |       ||     1
Throw: Dart              |     3 |     2 |       |       ||     5
 Cast: Summon Small Mamm |    40 |    13 |    15 |     1 ||    69
       Call Imp          |    13 |    14 |    24 |     9 ||    60
       Call Canine Famil |     3 |    12 |    38 |    32 ||    85
       Summon Guardian G |       |     6 |    26 |    23 ||    55
       Summon Lightning  |       |       |    19 |    28 ||    47
  Use: Potion            |     2 |     2 |       |       ||     4
       Scroll            |       |     1 |     1 |     2 ||     4
 Stab: Distracted        |       |       |       |     1 ||     1
       Sleeping          |       |       |       |     1 ||     1
Armor: Robe              |     8 |     4 |     6 |    17 ||    35
Dodge: Dodged            |    27 |    26 |    21 |    52 ||   126
